 Dungeon Crawl Stone Soup version 0.22.0-27-ga576289 (webtiles) character file.

374 Tarasboulda the Skirmisher (level 6, -4/56 HPs)
             Began as a Hill Orc Fighter on Aug 21, 2018.
             Was a Follower of Makhleb.
             Killed by divine providence
             ... invoked by an orc priest
              (19 damage)
             ... on level 4 of the Dungeon.
             The game lasted 00:12:12 (2903 turns).

Tarasboulda the Skirmisher (Hill Orc Fighter)       Turns: 2903, Time: 00:12:13

Health: -4/56      AC:  8    Str: 24    XL:     6   Next: 72%
Magic:  6/6        EV:  7    Int:  8    God:    Makhleb [*.....]
Gold:   70         SH:  9    Dex: 10    Spells: 5/5 levels left

rFire    . . .     SeeInvis .   a - +0 trident
rCold    . . .     Gourm    .   c - +0 shield
rNeg     . . .     Faith    .   b - +0 scale mail
rPois    .         Spirit   .   e - +0 helmet
rElec    .         Reflect  .   i - scarf {cloud immunity}
rCorr    .         Harm     +   (no gloves)
MR       .....                  (no boots)
Stlth    ..........             l - amulet of harm
HPRegen  0.18/turn              j - +3 ring of strength
MPRegen  0.10/turn              (no ring)

@: drained
A: no striking features
a: Renounce Religion, Convert to Beogh


You were on level 4 of the Dungeon.
You worshipped Makhleb.
Makhleb was aware of your devotion.
You were not hungry.

You visited 1 branch of the dungeon, and saw 4 of its levels.

You collected 70 gold pieces.

Inventory:

Hand Weapons
 a - a +0 trident (weapon)
Missiles
 s - 2 steel javelins (quivered)
 v - 4 steel tomahawks
 w - 2 tomahawks
Armour
 b - a +0 scale mail (worn)
 c - a +0 shield (worn)
 e - a +0 helmet (worn)
 i - a scarf of cloud immunity (worn)
Jewellery
 j - a +3 ring of strength (left hand)
 l - an amulet of harm (around neck)
 o - an uncursed amulet of magic regeneration
Wands
 h - a wand of polymorph (8)
 u - a wand of random effects (34)
Scrolls
 p - 2 scrolls of identify
 q - 2 scrolls of teleportation {unknown}
 r - a scroll of amnesia {unknown}
Potions
 d - 3 potions of might
 g - a potion of haste {unknown}
 k - 3 potions of curing
 m - 2 potions of lignification
 n - a potion of berserk rage {unknown}
 t - a potion of heal wounds {unknown}
 x - a potion of degeneration {unknown}
Comestibles
 f - 4 rations


   Skills:
 + Level 5.1(4.5) Fighting
 * Level 4.9(4.3) Polearms
 + Level 4.6(4.0) Armour
 + Level 4.6(4.0) Shields


You had 5 spell levels left.
You didn't know any spells.
Your spell library was empty.

Dungeon Overview and Level Annotations

Branches:
Dungeon (4/15)
 Temple: D:4-7

Altars:
Makhleb
Zin

Annotations:
D:3 Grinder, Sigmund


Message History

The orc hits you but does no damage.
You puncture the orc!
You kill the orc!
Makhleb accepts your kill.
The orc priest mumbles some strange prayers to Beogh against you.
Beogh smites you!
* * * LOW HITPOINT WARNING * * *
You block the orc priest's attack.
Things that are here:
a falchion; a leather armour; an orc corpse Your shield and scale mail prevent you from hitting the orc priest.
The orc priest is lightly wounded.
The orc priest mumbles some strange prayers to Beogh against you.
You barely resist.
Okay, then.
Your shield prevents you from hitting the orc priest.
The orc priest is lightly wounded.
The orc priest mumbles some strange prayers to Beogh against you.
Beogh smites you!
You die...

#..##.##.##>..##
###..##.##.#.....##
#.....#(##........##
#.#..!#..>.........#..
#.#.......<...........
#.#...####....)....#
#.....##..)...[..$....
##.###.<###.#)#.....#####
.......oo@..#<##...##
##.####.#####†####.# #.#
#.# .# #o# #.####.####
##.## #.......... #...#
######.###. #.#.....o..
#........o. ###.#######


You could see 2 orc priests.

Vanquished Creatures
  A water moccasin skeleton (D:3)
  A scorpion (D:4)
  A hound (D:4)
  A centaur skeleton (D:4)
  Terence (D:2)
  Robin (D:2)
  3 gnolls (D:2)
  4 adders
  2 worms (D:2)
  3 dart slugs
  2 leopard geckos
  7 orcs (D:4)
  12 giant cockroaches
  15 goblins
  5 hobgoblins
  6 jackals (D:1)
  6 quokkas
  2 ball pythons (D:2)
  5 bats
  5 frilled lizards
  7 kobolds
  A quokka skeleton (D:4)
  6 rats
97 creatures vanquished.

Notes
Turn   | Place    | Note
-------+----------+-------------------------------------------
     0 | D:1      | Tarasboulda the Hill Orc Fighter began the quest for the Orb.
     0 | D:1      | Reached XP level 1. HP: 19/19 MP: 1/1
    97 | D:1      | Reached XP level 2. HP: 24/27 MP: 2/2
   217 | D:1      | Reached skill level 4 in Fighting
   329 | D:1      | Reached XP level 3. HP: 33/33 MP: 3/3
   816 | D:2      | Noticed Robin
   824 | D:2      | Killed Robin
   824 | D:2      | Reached XP level 4. HP: 23/40 MP: 4/4
  1134 | D:2      | Found a glowing silver altar of Zin.
  1135 | D:2      | Noticed an angel
  1277 | D:2      | Noticed Terence
  1334 | D:2      | Killed Terence
  1334 | D:2      | Reached XP level 5. HP: 41/47 MP: 5/5
  1356 | D:2      | Found a burning altar of Makhleb.
  1359 | D:2      | Noticed a blizzard demon
  1363 | D:2      | Noticed a neqoxec
  1363 | D:2      | Noticed a ynoxinul
  1365 | D:2      | Became a worshipper of Makhleb the Destroyer
  1997 | D:3      | Noticed Sigmund
  2473 | D:3      | Reached XP level 6. HP: 45/55 MP: 6/6
  2550 | D:3      | Noticed Grinder
  2575 | D:3      | Paralysed by Grinder for 7 turns
  2766 | D:4      | Reached skill level 5 in Fighting
  2793 | D:4      | Reached * piety under Makhleb
  2903 | D:4      | Killed from afar by an orc priest

Skill      XL: |  1  2  3  4  5  6 |
---------------+-------------------+-----
Fighting       | 4 5 |  5.1
Polearms       | 3 4 |  4.9
Shields        | 4 |  4.6
Armour         | 4 |  4.6

Action                   |  1- 3 |  4- 6 || total
-------------------------+-------+-------++-------
Melee: Trident           |   142 |   228 ||   370
       Unarmed           |       |     6 ||     6
  Use: Scroll            |     3 |     1 ||     4
       Potion            |     1 |     1 ||     2
  Eat: Chunk             |       |     5 ||     5
       Ration            |       |     1 ||     1
Armor: Scale mail        |    67 |    80 ||   147
       Skin              |       |     2 ||     2
Dodge: Dodged            |    38 |    60 ||    98
Block: Shield            |    68 |   123 ||   191
